 Dungeon Crawl Stone Soup version 0.26-a0-259-g1effd001a9 (webtiles) character file.

Game seed: 6152981690878128384

16421 HoaS the Brawler (level 12, -2/82 HPs)
             Began as a Gargoyle Gladiator on July 26, 2020.
             Was an Elder of Makhleb.
             Killed from afar by a molten gargoyle (28 damage)
             ... with a bolt of magma
             ... in a volcano.
             The game lasted 00:25:36 (10386 turns).

HoaS the Brawler (Gargoyle Gladiator)              Turns: 10386, Time: 00:25:36

Health: -2/82      AC: 23    Str: 30    XL:     12   Next: 37%
Magic:  12/12      EV:  8    Int:  8    God:    Makhleb [****..]
Gold:   713        SH:  0    Dex: 11    Spells: 11/11 levels left

rFire    . . .     SeeInvis .     - Unarmed
rCold    . . .     Faith    .   (no shield)
rNeg     + . .     Spirit   .   G - +0 plate armour
rPois    ∞         Reflect  .   b - +1 helmet
rElec    +         Harm     .   v - +0 cloak
rCorr    .                      k - +0 pair of gloves
MR       .....                  g - +0 pair of boots
Stlth    ..........             z - amulet of regeneration
HPRegen  0.63/turn              A - +6 ring of strength
MPRegen  0.13/turn              (no ring)

@: no status effects
A: negative energy resistance 1, electricity resistance, unbreathing,
petrification resistance, rot immunity, AC +8
a: Minor Destruction, Lesser Servant of Makhleb, Major Destruction, Renounce
Religion


You were in a volcano.
You worshipped Makhleb.
Makhleb was greatly pleased with you.
You were not hungry.

You visited 3 branches of the dungeon, and saw 13 of its levels.
You also visited: Ossuary and Volcano.

You collected 713 gold pieces.

Inventory:

Missiles
 h - 60 poisoned darts
 q - 10 boomerangs
 w - 6 throwing nets (quivered)
Armour
 b - a +1 helmet (worn)
 g - a +0 pair of boots (worn)
 k - a +0 pair of gloves (worn)
 v - a +0 cloak (worn)
 G - a +0 plate armour (worn)
Jewellery
 z - an amulet of regeneration (around neck)
 A - a +6 ring of strength (left hand)
 D - an uncursed amulet of faith
Wands
 c - a wand of digging (8)
 s - a wand of polymorph (2)
 y - a wand of enslavement (8)
 H - a wand of disintegration (16)
Scrolls
 l - 3 scrolls of magic mapping
 n - 2 scrolls of blinking
 p - 9 scrolls of remove curse
 C - 3 scrolls of fear
 E - 2 scrolls of identify
 F - 7 scrolls of teleportation
 I - a scroll of vulnerability {unknown}
Potions
 a - 2 potions of cancellation
 e - 3 potions of lignification
 f - 5 potions of curing
 i - 3 potions of haste
 j - a potion of mutation {unknown}
 m - 3 potions of berserk rage
 o - 3 potions of heal wounds
 r - a potion of magic {unknown}
 t - a potion of flight {unknown}
 u - 2 potions of might
 x - a potion of brilliance {unknown}
 B - a potion of degeneration {unknown}
Comestibles
 d - 54 rations


   Skills:
 + Level 12.4 Fighting
 - Level 1.7 Throwing
 - Level 2.4 Dodging
 * Level 15.6 Unarmed Combat


You had 11 spell levels left.
You didn't know any spells.
Your spell library contained the following spells:

 Spells                   Type           Power        Failure   Level
 Sandblast                Erth           #.....       99%         1
 Passwall                 Tmut/Erth      #.......     100%        2
 Stone Arrow              Conj/Erth      #.....       100%        3
 Ice Form                 Ice/Tmut       #.......     100%        4
 Petrify                  Tmut/Erth      #.......     100%        4
 Lee's Rapid Deconstruct  Erth           #.........   100%        5
 Metabolic Englaciation   Hex/Ice        #.........   100%        5
 Freezing Cloud           Conj/Ice/Air   #.........   100%        6
 Ozocubu's Refrigeration  Ice            #.........   100%        6
 Simulacrum               Ice/Necr       #.........   100%        6


Dungeon Overview and Level Annotations

Branches:
Dungeon (10/15)            Temple (1/1) D:7            Lair (2/6) D:9
Ossuary (visited)         Volcano (1/1)
  Swamp: Lair:2-4    Shoals: Lair:2-4     Snake: Lair:2-4    Spider: Lair:2-4
    Orc: D:9-12

Altars:
Ashenzari
Cheibriados
Dithmenos
Elyvilon
Fedhas
Gozag
Hepliaklqana
Kikubaaqudgha
Makhleb
Nemelex Xobeh
Okawaru
Qazlal
Ru
Sif Muna
Trog
Uskayaw
Vehumet
Wu Jian
Xom
Yredelemnul
Zin
The Shining One

Shops:
D:7 (


Innate Abilities, Weirdness & Mutations

You are resistant to torment.
Your stone body is resilient. (AC +8)
You are immune to poison.
You resist negative energy. (rN+)
You are resistant to electric shocks. (rElec)
You can survive without breathing.
You are immune to petrification.
You are immune to rotting.


Message History

There is an open door here.
You start resting.
HP restored.
There is an open door here.
You see here a +1 scimitar of flaming.
There is an open door here.
You open the door.
A molten gargoyle and an earth elemental come into view.
The molten gargoyle blasts magma at you!
The bolt of magma hits you!!
You barely miss the molten gargoyle.
The molten gargoyle blasts magma at you!
The bolt of magma hits you!
You closely miss the molten gargoyle.
The molten gargoyle blasts magma at you!
The bolt of magma hits you!!
You completely miss the molten gargoyle.
The molten gargoyle blasts magma at you!
The bolt of magma hits you!!
You die...

###.## #.##
##≈...###○.○##
#○≈....#).≈..##
#○○.∩..'.≈≈≈..#
#≈≈...##≈≈≈≈≈☼☼+
#≈≈...##≈≈☼☼≈###
#≈≈...###≈#≈##
#≈○.∩..9#####
#○≈...@#.#
##○...## E.
###.## .# ## #


You could see a molten gargoyle.

Vanquished Creatures
  2 hydras
  A two-headed ogre (D:9)
  Pikel (D:6)
  Joseph (D:8)
  2 cane toads (Lair:2)
  An efreet (Volcano)
  A komodo dragon (Lair:1)
  A queen bee (D:9)
  A merfolk (D:9)
  5 trolls
  Grinder (D:4)
  9 blink frogs (Lair:1)
  3 hippogriffs
  Sigmund (D:4)
  A wraith (D:10)
  9 yaks
  A wyvern (D:9)
  Eustachio (D:5)
  A fire elemental (Volcano)
  3 basilisks (Lair:1)
  Menkaure (D:6)
  Duvessa (D:5)
  Edmund (D:5)
  3 water moccasins
  2 porcupines
  4 orc warriors
  A black bear (Lair:1)
  3 ice beasts
  2 sky beasts
  A necrophage (D:5)
  3 ogres
  4 wolves
  3 crocodiles
  A big kobold (D:10)
  6 bullfrogs
  A gnoll sergeant (D:10)
  5 water moccasin zombies (Ossuary)
  4 scorpions
  31 killer bees
  Dowan (D:5)
  4 howler monkeys
  2 bullfrog zombies
  A centaur skeleton (D:9)
  6 orc priests
  Crazy Yiuf (D:4)
  3 hounds
  2 jellies (D:9)
  4 orc wizards
  Ijyb (D:5)
  3 iguanas
  7 worker ants
  A killer bee zombie (D:8)
  2 mummies (Ossuary)
  A worker ant zombie (D:7)
  6 gnolls (D:10)
  A howler monkey skeleton (D:8)
  10 adders
  2 shadow imps
  2 white imps
  An ufetubus (D:5)
  An adder skeleton (D:8)
  4 adder zombies
  A worm (D:2)
  3 dart slugs
  2 leopard geckos
  33 orcs
  9 giant cockroaches
  2 gnoll zombies (Ossuary)
  11 goblins
  9 hobgoblins
  5 jackals
  5 quokkas
  4 ball pythons
  5 bats
  7 frilled lizards
  6 hobgoblin zombies (Ossuary)
  5 kobolds
  3 kobold zombies (Ossuary)
  4 orc zombies (Ossuary)
  A quokka skeleton (D:4)
  10 rats
314 creatures vanquished.

Vanquished Creatures (others)
  A fire vortex (Volcano)
  A fungus (Lair:2)
2 creatures vanquished.

Grand Total: 316 creatures vanquished

Notes
Turn   | Place    | Note
-------+----------+-------------------------------------------
     0 | D:1      | HoaS the Gargoyle Gladiator began the quest for the Orb.
     0 | D:1      | Reached XP level 1. HP: 12/12 MP: 1/1
   116 | D:1      | Reached XP level 2. HP: 12/18 MP: 2/2
   402 | D:1      | Found a shimmering altar of Xom.
   504 | D:1      | Reached XP level 3. HP: 22/22 MP: 3/3
   778 | D:2      | Reached skill level 4 in Unarmed Combat
  1262 | D:2      | Reached XP level 4. HP: 22/28 MP: 4/4
  2065 | D:3      | Reached XP level 5. HP: 15/32 MP: 5/5
  2257 | D:3      | Reached skill level 5 in Unarmed Combat
  2264 | D:3      | Found an iron altar of Okawaru.
  2995 | D:4      | Noticed Grinder
  3006 | D:4      | Paralysed by Grinder for 6 turns
  3025 | D:4      | Paralysed by Grinder for 6 turns
  3036 | D:4      | Killed Grinder
  3036 | D:4      | Reached skill level 6 in Unarmed Combat
  3036 | D:4      | Reached XP level 6. HP: 27/39 MP: 6/6
  3260 | D:4      | Found an ancient bone altar of Kikubaaqudgha.
  3475 | D:4      | Found an ornate altar of the Wu Jian Council.
  3475 | D:4      | Noticed Sigmund
  3494 | D:4      | Killed Sigmund
  3494 | D:4      | Reached skill level 5 in Fighting
  3494 | D:4      | Reached XP level 7. HP: 44/44 MP: 7/7
  3827 | D:4      | Found a runed translucent door.
  3828 | D:4      | Noticed Crazy Yiuf
  3846 | D:4      | Killed Crazy Yiuf
  3970 | D:5      | Entered Level 5 of the Dungeon
  3983 | D:5      | Noticed Dowan
  3984 | D:5      | Noticed Duvessa
  4009 | D:5      | Killed Dowan
  4009 | D:5      | Reached skill level 7 in Unarmed Combat
  4021 | D:5      | Killed Duvessa
  4153 | D:5      | Noticed Ijyb
  4168 | D:5      | Killed Ijyb
  4356 | D:5      | Reached XP level 8. HP: 49/51 MP: 8/8
  4376 | D:5      | Reached skill level 8 in Unarmed Combat
  4398 | D:5      | Noticed Edmund
  4448 | D:5      | Killed Edmund
  4624 | D:5      | Noticed Eustachio
  4645 | D:5      | Killed Eustachio
  4645 | D:5      | Reached skill level 9 in Unarmed Combat
  4817 | D:6      | Found a sand-covered staircase.
  4817 | D:6      | Noticed Pikel
  4824 | Ossuary  | Entered an ossuary
  4968 | Ossuary  | Reached XP level 9. HP: 57/57 MP: 9/9
  5017 | D:6      | Killed Pikel
  5017 | D:6      | Reached skill level 10 in Unarmed Combat
  5783 | D:6      | Noticed Menkaure
  5789 | D:6      | Killed Menkaure
  6103 | D:7      | Found a burning altar of Makhleb.
  6105 | D:7      | Reached skill level 11 in Unarmed Combat
  6111 | D:7      | Became a worshipper of Makhleb the Destroyer
  6150 | D:7      | Found a glowing silver altar of Zin.
  6224 | D:7      | Found a staircase to the Ecumenical Temple.
  6233 | Temple   | Entered the Ecumenical Temple
  6440 | D:7      | Found Elijoym Fari's Antique Weapon Emporium.
  6959 | D:8      | Reached XP level 10. HP: 66/66 MP: 10/10
  7122 | D:8      | Noticed Joseph
  7161 | D:8      | Killed Joseph
  7382 | D:8      | Found a bloodstained altar of Trog.
  7483 | D:8      | Reached * piety under Makhleb
  7574 | D:8      | Reached skill level 12 in Unarmed Combat
  7803 | D:9      | Reached ** piety under Makhleb
  7814 | D:9      | Noticed a two-headed ogre
  7818 | D:9      | Reached skill level 10 in Fighting
  7827 | D:9      | Killed a two-headed ogre
  7827 | D:9      | Reached skill level 13 in Unarmed Combat
  7885 | D:9      | Found a stormy altar of Qazlal.
  7931 | D:9      | Reached XP level 11. HP: 73/73 MP: 11/11
  8075 | D:9      | Found a blossoming altar of Fedhas.
  8207 | D:9      | Found a glowing golden altar of the Shining One.
  8246 | D:9      | Found a staircase to the Lair.
  8437 | D:10     | Entered Level 10 of the Dungeon
  8625 | D:10     | Reached *** piety under Makhleb
  8830 | D:10     | Reached skill level 14 in Unarmed Combat
  9152 | Lair:1   | Entered Level 1 of the Lair of Beasts
  9220 | Lair:1   | Noticed a four-headed hydra
  9234 | Lair:1   | Killed a four-headed hydra
  9313 | Lair:1   | Reached **** piety under Makhleb
  9489 | Lair:1   | Reached skill level 15 in Unarmed Combat
  9489 | Lair:1   | Reached XP level 12. HP: 71/81 MP: 12/12
 10029 | Lair:2   | Noticed a seven-headed hydra
 10043 | Lair:2   | Killed a seven-headed hydra
 10284 | Lair:2   | Found a dark tunnel.
 10292 | Volcano  | Entered a volcano
 10386 | Volcano  | Killed from afar by a molten gargoyle

Illustrated notes

Levels and vault maps discovered:
D:1:      evilmike_arrival_hilbert_curve, layout_basic, serial_forest,
          infiniplex_forest_clump_curved, infiniplex_forest_straight_3,
          infiniplex_forest_zigzag_1, infiniplex_forest_corner_2,
          infiniplex_forest_lined_room_2, infiniplex_forest_lined_ring,
          xom_teletrap_fun
D:2:      layout_basic
D:3:      layout_loops_corners, nicolae_overflow_crystal_walls, first_ration,
          kennysheep_generic_room_15
D:4:      layout_basic, lemuel_round_altar, old_standard_altar, uniq_sigmund,
          uniq_crazy_yiuf_cottage, uniq_grinder
D:5:      layout_loops_ring, uniq_edmund, uniq_ijyb, uniq_duvessa,
          uniq_eustachio
D:6:      layout_basic, nicolae_ossuary_entry_ruins, serial_glass,
          glass_columns_a, glass_columns_a, glass_columns_c, glass_columns_a,
          item_on_display_a, due_unseen_surprise, uniq_menkaure, uniq_pikel
D:7:      layout_loops_ring, makhleb_heckhound_becter,
          minmay_temple_entry_trees, serial_shops, shop, basic_altar,
          minivault_23
D:8:      layout_basic, lightli_temple_of_fire, uniq_joseph
D:9:      layout_roguey [special_room_bee], kennysheep_mini_moat,
          nicolae_tso_carved_into_rock, grunt_qazlal_clouds, lair_entry_dummy,
          hangedman_fish_farm
D:10:     layout_basic
Temple:   dshaligram_water_room_temple
Lair:1:   layout_misc_corridors
Lair:2:   layout_roguey, enter_volcano_2, chequers_serial_rivers_large_a,
          grunt_forest_stairs_basic, serial_bayou_shore_b
Volcano:  volcano_aerie

Skill      XL: |  1  2  3  4  5  6  7  8  9 10 11 12 |
---------------+-------------------------------------+-----
Unarmed Combat | 4 6 7 9 11 13 15 | 15.6
Fighting       | 3 4 5 6 7 9 10 11 12 | 12.4
Throwing       | |  1.7
Dodging        | |  2.4

Action                   |  1- 3 |  4- 6 |  7- 9 | 10-12 || total
-------------------------+-------+-------+-------+-------++-------
Melee: Unarmed           |   144 |   214 |   403 |   582 ||  1343
       Punch             |     2 |     3 |    17 |    32 ||    54
Throw: Throwing net      |       |     3 |       |       ||     3
       Dart              |       |       |       |     8 ||     8
Evoke: Wand              |       |       |     1 |       ||     1
  Use: Scroll            |     3 |     5 |    12 |     3 ||    23
 Stab: Held in net/web   |       |     1 |       |       ||     1
       Confused          |       |       |     2 |       ||     2
  Eat: Ration            |     1 |     2 |     3 |     2 ||     8
Armor: Leather armour    |    43 |       |       |       ||    43
       Ring mail         |    20 |    70 |       |       ||    90
       Scale mail        |       |    10 |   159 |   246 ||   415
       Skin              |       |       |     4 |       ||     4
       Plate armour      |       |       |       |   218 ||   218
Dodge: Dodged            |    70 |   106 |   134 |   325 ||   635

Table legend:
 A = Non-vault XP
 B = Vault XP
 C = Vault XP percentage of total XP
 D = Non-vault monster count
 E = Vault monster count
 F = Vault count percentage of total count
                 A         B        C        D         E       F
            +---------+---------+-------+---------+---------+-------
      Total |   18001 |    5458 |  23.3 |     250 |      64 |  20.4
            +---------+---------+-------+---------+---------+-------
        D:1 |      43 |       0 |   0.0 |      28 |       0 |   0.0
        D:2 |      74 |       0 |   0.0 |      20 |       0 |   0.0
        D:3 |     107 |       0 |   0.0 |      27 |       0 |   0.0
        D:4 |      48 |     551 |  92.0 |       7 |       3 |  30.0
        D:5 |     495 |     618 |  55.5 |      18 |       5 |  21.7
        D:6 |     385 |     754 |  66.2 |      14 |       2 |  12.5
        D:7 |     598 |      42 |   6.6 |      14 |       1 |   6.7
        D:8 |     745 |    1379 |  64.9 |      21 |      16 |  43.2
        D:9 |    4848 |    1123 |  18.8 |      37 |      10 |  21.3
       D:10 |    1736 |       0 |   0.0 |      27 |       0 |   0.0
     Lair:1 |    6434 |       0 |   0.0 |      28 |       0 |   0.0
     Lair:2 |    2488 |       0 |   0.0 |       9 |       0 |   0.0
    Ossuary |       0 |     439 | 100.0 |       0 |      25 | 100.0
    Volcano |       0 |     552 | 100.0 |       0 |       2 | 100.0
            +---------+---------+-------+---------+---------+-------
